 Dungeon Crawl Stone Soup version 0.30-a0-359-gd0147acb1a (webtiles) character file.

Game seed: 14981554551842212104

830 PimpSugar the Magician (level 7, 0/76 HPs)
             Began as a Demonspawn Hedge Wizard on Nov 12, 2022.
             Slain by a lemure (4 damage)
             ... led by Pikel
             ... on level 5 of the Dungeon.
             The game lasted 00:28:08 (4897 turns).

PimpSugar the Magician (Demonspawn Hedge Wizard)    Turns: 4897, Time: 00:28:09

Health: 0/76       AC:  7    Str: 10    XL:     7   Next: 65%
Magic:  13/14      EV: 11    Int: 17    God:
Gold:   279        SH:  0    Dex: 13    Spells: 5/15 levels left

rFire   + . .      SeeInvis .    A - +7 spear of Gluttony {elec, rPois rCorr}
rCold   + + .      Faith    .    y - +0 buckler
rNeg    . . .      Spirit   .    w - +1 robe {rC+}
rPois   +          Reflect  .    c - +0 hat
rElec   +          Harm     .    F - +0 cloak
rCorr   +          Rampage  .    f - +0 pair of gloves
Will    .....                    o - +1 pair of boots
Stlth   ..........               (no amulet)
HPRegen 0.32/turn                B - ring of poison resistance
MPRegen 0.14/turn                H - ring of flight

@: confused, berserking, resistant, flying, very quick
A: claws 2, demonic magic 1
a: no special abilities


You were on level 5 of the Dungeon.
You visited 1 branch of the dungeon, and saw 5 of its levels.
You also visited: Sewer.

You collected 279 gold pieces.

Inventory:

Hand Weapons
 a - a +0 dagger
 g - a +2 war axe of draining
 n - a +0 sling
 A - the +7 spear of Gluttony (weapon) {elec, rPois rCorr}
   (You found it on level 3 of the Dungeon)

   It occasionally discharges a powerful burst of electricity upon striking a
   foe.
   rPois:     It protects you from poison.
   rCorr:     It protects you from acid and corrosion.
 E - a +4 short sword of speed
 G - a +2 spear of venom
Missiles
 j - 35 stones
 p - 2 throwing nets (quivered)
 u - a curare-tipped dart
 v - 34 poisoned darts
Armour
 b - a +0 robe
 c - a +0 hat (worn)
 f - a +0 pair of gloves (worn)
 o - a +1 pair of boots (worn)
 w - a +1 robe of cold resistance (worn)
 y - a +0 buckler (worn)
 F - a +0 cloak (worn)
Jewellery
 B - a ring of poison resistance (left hand)
 H - a ring of flight (right hand)
Scrolls
 d - a scroll of magic mapping {unknown}
 h - a scroll of silence
 i - 4 scrolls of teleportation
 k - a scroll of enchant weapon {unknown}
 l - a scroll of vulnerability {unknown}
 q - a scroll of fog
 r - a scroll of blinking {unknown}
 t - a scroll of poison {unknown}
 C - a scroll of immolation
Potions
 e - a potion of berserk rage
 m - a potion of flight
 s - 3 potions of haste
 z - 2 potions of cancellation


   Skills:
 + Level 2.7 Fighting
 - Level 0.2(0.5) Axes
 + Level 0.7(0.8) Polearms
 - Level 1.7 Dodging
 - Level 1.7 Stealth
 + Level 0.8 Shields
 * Level 4.9 Spellcasting
 * Level 4.3 Conjurations
 + Level 3.1 Summonings
 * Level 2.9 Translocations
 + Level 1.2 Evocations


You had 5 spell levels left.
You knew the following spells:

 Your Spells              Type           Power      Damage    Failure   Level
a - Magic Dart            Conj           76%        1d6       3%          1
b - Call Imp              Summ           14%        N/A       9%          2
c - Manifold Assault      Tloc           14%        N/A       50%         4
d - Summon Small Mammal   Summ           56%        N/A       5%          1
e - Blink                 Tloc           28%        N/A       9%          2

Your spell library contained the following spells:

 Spells                   Type           Power      Damage    Failure   Level
 Apportation              Tloc           28%        N/A       6%          1
 Momentum Strike          Conj/Tloc      32%        3d8       6%          2
 Lesser Beckoning         Tloc           28%        N/A       17%         3
 Necrotise                Necr           16%        1d4       21%         1
 Slow                     Hex            16%        N/A       21%         1
 Cigotuvi's Dreadful Rot  Necr/Pois/Air  8%         N/A       30%         2
 Mephitic Cloud           Conj/Pois/Air  9%         N/A       32%         3
 Ozocubu's Armour         Ice            4%         N/A       52%         3
 Metabolic Englaciation   Hex/Ice        2%         N/A       99%         5
 Simulacrum               Ice/Necr       2%         N/A       100%        6
 Storm Form               Tmut/Air       2%         N/A       100%        7


Dungeon Overview and Level Annotations

Branches:
Dungeon (5/15)              Sewer (visited)
 Temple: D:4-7

Altars:
Xom

Shops:
D:3 (

Annotations:
D:5 Pikel


Innate Abilities, Weirdness & Mutations

You have very sharp fingernails.
Spells you cast may paralyse adjacent enemies.


Message History

You hit the lemure but do no damage.
The lemure is moderately wounded.
Pikel zaps a wand.
Your will is overpowered!
You are confused.
The lemure hits your iron imp. x2; Your iron imp hits the lemure.
The lemure hits your iron imp.
You hit the lemure.
The lemure is heavily wounded.
Pikel barely misses you. The lemure hits your iron imp!
Your iron imp dies!
Your iron imp disappears in a puff of smoke!
Pikel zaps a wand.
Your will is overpowered!
You are more confused.
The now-empty wand crumbles to dust.
You puncture the lemure!
The lemure is severely wounded.
The lemure is no longer paralysed.
Pikel misses you.
You bump into the rock wall.
Pikel hits you with a +0 whip of freezing.
* * * LOW HITPOINT WARNING * * *
The lemure hits you but does no damage. The lemure hits you.
* * * LOW HITPOINT WARNING * * *
A red film seems to cover your vision as you go berserk!
You feel yourself moving faster!
You feel mighty! Pikel hits you but does no damage.
The lemure completely misses you. The lemure hits you.
* * * LOW HITPOINT WARNING * * *
You barely miss the lemure.
The lemure is moderately wounded.
The lemure hits you.
* * * LOW HITPOINT WARNING * * *
The lemure closely misses you.
Pikel hits you with a +0 whip of freezing!
* * * LOW HITPOINT WARNING * * *
Unknown command.
You barely miss the lemure.
The lemure is severely wounded.
You bump into the rock wall.
Pikel closely misses you. The lemure misses you. The lemure hits you.
You die...

#####
###@55#
#.K5#.######
###5........
##..###.#
#<.# #..#
#..# #..#
#...


You could see Pikel and 4 lemures.

Vanquished Creatures
  5 kobold brigands (Sewer)
  2 scorpions
  A gnoll bouda (D:4)
  An orc priest (D:4)
  3 orc wizards (D:4)
  3 gnolls (D:4)
  4 adders
  2 worms
  9 dart slugs
  8 orcs (D:4)
  17 ball pythons
  10 bats
  7 endoplasms
  7 giant cockroaches
  8 hobgoblins
  2 jackals (D:3)
  14 kobolds
  A quokka (D:1)
  3 frilled lizards
  5 goblins
  11 rats
123 creatures vanquished.

Vanquished Creatures (collateral kills)
  A gnoll (D:4)
  An adder (D:2)
  3 dart slugs
  2 orcs
  A ball python (D:3)
  An endoplasm (D:2)
  A hobgoblin (D:1)
  2 kobolds
  A frilled lizard (D:1)
13 creatures vanquished.

Vanquished Creatures (others)
  6 demonic plants (D:1)
  10 fungi (D:1)
  8 plants
  5 withered plants (D:1)
29 creatures vanquished.

Grand Total: 165 creatures vanquished

Notes
Turn   | Place    | Note
-------+----------+-------------------------------------------
     0 | D:1      | PimpSugar the Demonspawn Hedge Wizard began the quest for
                  | the Orb.
     0 | D:1      | Reached XP level 1. HP: 13/13 MP: 4/4
    65 | D:1      | Reached skill level 1 in Translocations
   141 | D:1      | Gained mutation: Spells you cast may paralyse adjacent
                  | enemies. [demonic ancestry]
   141 | D:1      | Reached XP level 2. HP: 8/20 MP: 0/6
   314 | D:1      | Learned a level 2 spell: Call Imp
   406 | D:1      | Learned a level 1 spell: Summon Small Mammal
   609 | D:1      | Found a faded altar of an unknown god.
   649 | D:1      | Gained mutation: You have sharp fingernails. [demonic
                  | ancestry]
   649 | D:1      | Reached XP level 3. HP: 23/25 MP: 1/7
  1440 | D:2      | Reached skill level 1 in Fighting
  1470 | D:2      | Found a shimmering altar of Xom.
  1593 | D:2      | Gained mutation: You have very sharp fingernails. [demonic
                  | ancestry]
  1593 | D:2      | Reached XP level 4. HP: 28/32 MP: 4/9
  1871 | D:3      | Found a glowing drain.
  1942 | Sewer    | Entered a sewer
  2016 | Sewer    | Noticed a kobold brigand
  2016 | Sewer    | Noticed a kobold brigand
  2016 | Sewer    | Noticed a kobold brigand
  2030 | Sewer    | Killed a kobold brigand
  2031 | Sewer    | Reached XP level 5. HP: 25/37 MP: 7/10
  2035 | Sewer    | Reached XP level 6. HP: 28/44 MP: 8/12
  2577 | D:3      | Identified the +7 spear of Gluttony {elec, rPois rCorr}
  2711 | D:3      | Reached XP level 7. HP: 39/51 MP: 10/14
  3088 | D:3      | Found Ana Urru's Antique Weapon Shoppe.
  3137 | D:3      | Learned a level 4 spell: Manifold Assault
  3140 | D:3      | Learned a level 2 spell: Blink
  4031 | D:4      | Reached skill level 1 in Evocations
  4860 | D:5      | Entered Level 5 of the Dungeon
  4860 | D:5      | Noticed Pikel
  4895 | D:5      | HP: 3/76 [Pikel/+0 whip of freezing (7)]
  4897 | D:5      | Slain by a lemure

Illustrated notes

Levels and vault maps discovered:
D:1:      psy_arrival_whirlpool, layout_basic, shapermc_ecumenical_altar_gd
D:2:      layout_rooms, basic_altar
D:3:      layout_loops_cross, gup_sewer_entry_glass, serial_shops,
          nicolae_shop_overgrown_old_shop
D:4:      kennysheep_slugbush, layout_cave_pods
D:5:      layout_loops_ring, lightli_temple_of_fire,
          lemuel_zombie_altar_yredelemnul, chequers_temple_overflow_minitemple,
          nicolae_elemental_shop, uniq_pikel

Skill      XL: |  1  2  3  4  5  6  7 |
---------------+----------------------+-----
Translocations | 1 2 |  2.9
Conjurations   | 2 3 4 |  4.3
Fighting       | 1 2 |  2.7
Summonings     | 2 3 |  3.1
Spellcasting   | 4 |  4.9
Evocations     | 1 |  1.2
Axes           | |  0.2
Polearms       | |  0.7
Dodging        | |  1.7
Stealth        | |  1.7
Shields        | |  0.8

Action                   |  1- 3 |  4- 6 |  7- 9 || total
-------------------------+-------+-------+-------++-------
Melee: Dagger            |    13 |       |       ||    13
       War axe           |    64 |    80 |       ||   144
       Spear             |       |     5 |   105 ||   110
Throw: Throwing net      |       |       |     1 ||     1
 Cast: Magic Dart        |    52 |    10 |    59 ||   121
       Summon Small Mamm |     6 |     2 |     9 ||    17
       Call Imp          |     5 |     5 |     5 ||    15
  Use: Scroll            |     1 |     6 |     4 ||    11
       Potion            |       |     1 |    10 ||    11
 Stab: Paralysed         |     3 |     2 |     2 ||     7
       Sleeping          |       |     1 |     1 ||     2
Armor: Robe              |    11 |    40 |    63 ||   114
Dodge: Dodged            |    33 |    66 |    92 ||   191
Block: Buckler           |       |       |    14 ||    14

Table legend: (Time is in decaauts)
 A = Elapsed time spent in this place.
 B = Non-inter-level travel time spent in this place.
 C = Inter-level travel time spent in this place.
 D = Time resting spent in this place.
 E = Time spent auto-exploring this place.
 F = Levels seen in this place.
 G = Mean time per level.
                   A        B        C        D        E       F      G
               +--------+--------+--------+--------+--------+-----+--------+
         Total |   5037 |   4559 |    478 |    547 |   2344 |   6 |  839.5 |
       Dungeon |   4332 |   3854 |    478 |    543 |   2096 |   5 |  866.4 |
         Sewer |    704 |    704 |      0 |      4 |    248 |   1 |  704.0 |
               +--------+--------+--------+--------+--------+-----+--------+

Top non-repeatable levels by time:
     D:4: 1379 daAuts
     D:1: 1239 daAuts
     D:3: 1089 daAuts
   Sewer: 704 daAuts
     D:2: 586 daAuts
     D:5: 37 daAuts
